AoeStats
← den svarte mannen

Nomad

509458127Analyzed
3v3 RM · 5d ago on Sep 26, 2026· 44m 4s· 6 players
Game mode
Random Map
Map size
210×210
Population
200
Speed
Normal
Resources
Standard
Victory
Conquest
Starting age
Dark Age
Ending age
Imperial Age
RankedLock teamsTeams togetherTeam positionsShared explorationLock speedFull tech treeHidden civsTurbo modeCheats
Victory
Defeat
🇦🇹 Mongols · Austria
1331
+16
🇦🇹 Malay · Austria
1319
+16
🇮🇹 Spanish · Italy
1309
+17
🇸🇪 Cumans · Sweden
1347
-17
🇸🇪 Sicilians · Sweden
1334
-17
🇸🇪 Britons · Sweden
1293
-15
Meuz94
7:05 Loom
9:27 Loom
13:33 Feudal Age
14:54 Double-Bit Axe
18:44 Castle Age
16:43 Fletching
19:46 Bow Saw
19:33 Bodkin Arrow
23:21 Guard Tower
23:54 Ballistics
25:18 Gold Mining
26:34 Thumb Ring
26:36 Husbandry
26:47 Bloodlines
30:14 Padded Archer Armor
31:58 Town Watch
33:01 Nomads
36:13 Imperial Age
36:12 Wheelbarrow
37:00 Bracer
41:01 Chemistry
42:44 Elite Mangudai
43:54 Masonry
Radonlad
5:07 Loom
13:09 Feudal Age
16:20 Double-Bit Axe
17:24 Gold Mining
18:47 Fletching
20:25 Horse Collar
25:39 Castle Age
25:31 Medium Warships
25:45 Bow Saw
25:39 Town Watch
27:19 Heavy Plow
28:11 Stone Mining
29:33 Scale Barding Armor
30:28 Husbandry
32:37 Wheelbarrow
34:05 Hand Cart
40:14 Imperial Age
39:25 Gold Shaft Mining
39:53 Stone Shaft Mining
39:37 Forging
40:46 Crop Rotation
40:12 Elite Battle Elephant
42:27 Iron Casting
44:05 Chemistry
45:00 Blast Furnace
jujueatsham
4:57 Loom
13:11 Feudal Age
18:03 Castle Age
16:01 Double-Bit Axe
19:39 Bow Saw
21:16 Horse Collar
22:51 Wheelbarrow
22:21 Stone Mining
24:37 Gold Mining
26:43 Heavy Plow
28:01 Fletching
28:18 Scale Barding Armor
28:16 Padded Archer Armor
34:16 Imperial Age
32:45 Husbandry
33:23 Bodkin Arrow
33:02 Elite Skirmisher
34:30 Elite Conquistador
35:31 Conscription
36:22 Bloodlines
36:40 Cavalier
38:02 Scale Barding Armor
37:59 Bracer
38:12 Forging
39:58 Chain Barding Armor
41:27 Plate Barding Armor
41:30 Iron Casting
41:02 Paladin
45:02 Blast Furnace
Den gröne mannen
5:04 Loom
11:05 Loom
13:18 Feudal Age
16:56 Castle Age
17:46 Scale Mail Armor
18:51 Double-Bit Axe
20:50 Horse Collar
21:41 Arson
22:11 Squires
24:07 Chain Mail Armor
27:22 Forging
29:38 Fletching
31:47 Ballistics
32:15 Elite Skirmisher
33:34 Bodkin Arrow
33:33 Pikeman
36:47 Padded Archer Armor
40:49 Imperial Age
johg0001
9:31 Loom
13:36 Feudal Age
14:16 Double-Bit Axe
16:48 Town Watch
17:38 Wheelbarrow
17:03 Fletching
22:41 Castle Age
22:36 Gold Mining
23:17 Bodkin Arrow
23:40 Medium Warships
27:37 Horse Collar
28:57 Stone Mining
29:09 Padded Archer Armor
31:20 Bloodlines
31:23 Scale Barding Armor
31:29 Forging
32:59 Chain Barding Armor
38:58 Iron Casting
39:03 Pikeman
45:56 Imperial Age
43:52 Squires
43:56 Scale Mail Armor
den svarte mannen
9:25 Loom
13:58 Feudal Age
19:13 Castle Age
18:29 Double-Bit Axe
19:50 Fletching
20:17 Bow Saw
20:44 Town Watch
20:40 Crossbowman
24:53 Padded Archer Armor
25:11 Fishing Lines
26:52 Ballistics
30:29 Gillnets
33:26 Wheelbarrow
34:21 Bodkin Arrow
34:42 Leather Archer Armor
34:52 Hand Cart
40:34 Imperial Age
45:19 Imperial Age
Connection lost

Rejoining the realm…

Still unreachable

The connection could not be restored.

Session expired

The server has moved on; the page needs a fresh start.